 Dungeon Crawl Stone Soup version 0.31-a0-1570-g93c622d222 (webtiles) character file.

Game seed: 392217180508960910

148 Flugslaktarn the Apothecary (level 5, 0/31 HPs)
             Began as an Octopode Alchemist on Jan 3, 2024.
             Killed by nerve-wracking pain
             ... invoked by an orc priest
              (8 damage)
             ... on level 5 of the Dungeon.
             The game lasted 00:01:28 (831 turns).

Flugslaktarn the Apothecary (Octopode Alchemist)     Turns: 831, Time: 00:01:29

Health: 0/31       AC:  1    Str:  7    XL:     5   Next: 30%
Magic:  5/9        EV: 13    Int: 19    God:
Gold:   111        SH:  0    Dex: 13    Spells: 9/10 levels left

rFire   . . .        f - staff of cold
rCold   + . .        (no shield)
rNeg    . . .        (helmet restricted)
rPois   .            (no amulet)
rElec   .            (no ring)
rCorr   .            (no ring)
SInv    .            (no ring)
Will    .....        (no ring)
Stlth   +++          (no ring)
HPRegen 0.25/turn    (no ring)
MPRegen 0.11/turn    (no ring)
                     (no ring)

%: no passive effects
@: hasted, very quick
A: almost no armour, amphibious, 8 rings, camouflage 1, gelatinous body 1,
(nimble swimmer 1), tentacles
a: no special abilities


You were on level 5 of the Dungeon.
You visited 1 branch of the dungeon, and saw 5 of its levels.

You collected 111 gold pieces.

Inventory:

Armour
 d - a +0 buckler
   (You took it off an orc on level 3 of the Dungeon)
Magical Staves
 f - a staff of cold (weapon)
   (You found it on level 4 of the Dungeon)
Talismans
 i - a maw talisman
   (You found it on level 5 of the Dungeon)
Scrolls
 b - a scroll of acquirement {unknown}
 e - a scroll of teleportation {unknown}
 g - a scroll of torment {unknown}
Potions
 a - a potion of magic
 h - a potion of brilliance {unknown}


   Skills:
 - Level 2.0 Dodging
 - Level 2.6 Stealth
 + Level 3.2 Spellcasting
 - Level 1.0 Conjurations
 * Level 5.5 Alchemy


You had 9 spell levels left.
You knew the following spells:

 Your Spells              Type           Power      Damage    Failure   Level
a - Sting                 Conj/Alch      60%        1d6       3%          1

Your spell library contained the following spells:

 Spells                   Type           Power      Damage    Failure   Level
 Mercury Vapours          Alch/Air       26%        N/A       7%          2
 Olgreb's Toxic Radiance  Alch           24%        N/A       16%         4
 Mephitic Cloud           Conj/Alch/Air  11%        N/A       19%         3
 Sticky Flame             Fire/Alch      13%        2d5       43%         4


Dungeon Overview and Level Annotations

Branches:
Dungeon (5/15)
 Temple: D:4-7

Altars:
Ru

Shops:
D:2 [

Annotations:
D:4 3 runed translucent doors, PanSaczeczos's ghost, novice MiSh


Innate Abilities, Weirdness & Mutations

You cannot wear most types of armour.
You are amphibious.
You can wear up to eight rings at the same time.
Your skin changes colour to match your surroundings (Stealth+).
Your rubbery body absorbs attacks. (AC +1, EV +1)
((You are camouflaged when in or above water. (Stealth+)))
You have tentacles for arms and can constrict up to eight enemies at once.


Message History

The sting hits the hound.
The hound looks even sicker.
The hound is severely wounded.
The hound bites you. The endoplasm closely misses you.
Casting: Sting (safe; 4% risk of failure)
Confirm with . or Enter, or press ? or * to list all spells.
Aiming: Sting (safe; 4% risk of failure)
Press: ? - help, Shift-Dir - straight line, f/p - hound
Aim: a hound (severely wounded, very poisoned, 60% to hit)
The sting hits the hound.
The hound looks even sicker.
You kill the hound!
The endoplasm closely misses you.
Your Spellcasting skill increases to level 3!
You have reached level 5!
You feel agile.
You hit the endoplasm but do no damage.
The endoplasm is lightly wounded.
The endoplasm freezes you.
You are frozen.
You resist.
* * * LOW HITPOINT WARNING * * *
You hit the endoplasm.
The endoplasm is heavily wounded.
The endoplasm hits you.
* * * LOW HITPOINT WARNING * * *
You hit the endoplasm.
The endoplasm is almost dead.
The endoplasm hits you.
* * * LOW HITPOINT WARNING * * *
You hit the endoplasm.
You kill the endoplasm!
Found a viscous yellow potion.
A ball python comes into view.
Found a sacrificial altar of Ru.
Casting: Sting (safe; 4% risk of failure)
Confirm with . or Enter, or press ? or * to list all spells.
Aiming: Sting (safe; 4% risk of failure)
Press: ? - help, Shift-Dir - straight line, f - ball python
Aim: a ball python (asleep, 100% to hit)
The sting hits the ball python.
The ball python is poisoned.
The ball python is severely wounded.
The ball python hisses angrily.
You kill the ball python!
Casting: Sting (safe; 4% risk of failure)
Confirm with . or Enter, or press ? or * to list all spells.
You don't have enough magic to cast this spell.
There is a sacrificial altar of Ru here.
h - a viscous yellow potion You enter the shallow water.
There is a stone staircase leading down here.
You climb downwards.
There is a stone staircase leading up here.
Unknown command.
A hound comes into view.
A hound is nearby!
Unknown command.
Found a maw talisman.
Found a stone staircase leading down.
Casting: Sting (safe; 4% risk of failure)
Confirm with . or Enter, or press ? or * to list all spells.
You can't see any susceptible monsters within range! (Use Z to cast anyway.)
Casting: Sting (safe; 4% risk of failure)
Confirm with . or Enter, or press ? or * to list all spells.
Aiming: Sting (safe; 4% risk of failure)
Press: ? - help, Shift-Dir - straight line, f - hound
Aim: a hound (asleep, 100% to hit)
The sting hits the hound.
The hound is poisoned.
The hound is heavily wounded.
The hound barks!
Casting: Sting (safe; 4% risk of failure)
Confirm with . or Enter, or press ? or * to list all spells.
Aiming: Sting (safe; 4% risk of failure)
Press: ? - help, Shift-Dir - straight line, f/p - hound
Aim: a hound (heavily wounded, poisoned, 64% to hit)
The sting hits the hound.
The hound looks even sicker.
The hound is heavily wounded.
Casting: Sting (safe; 4% risk of failure)
Confirm with . or Enter, or press ? or * to list all spells.
Aiming: Sting (safe; 4% risk of failure)
Press: ? - help, Shift-Dir - straight line, f/p - hound
Aim: a hound (heavily wounded, very poisoned, 64% to hit)
The sting hits the hound.
The hound looks even sicker.
The hound is severely wounded.
The hound bites you. x2
Casting: Sting (safe; 4% risk of failure)
Confirm with . or Enter, or press ? or * to list all spells.
Aiming: Sting (safe; 4% risk of failure)
Press: ? - help, Shift-Dir - straight line, f/p - hound
Aim: a hound (severely wounded, very poisoned, 64% to hit)
The sting hits the hound.
The hound looks as sick as possible!
You kill the hound!
An orc comes into view. It is wielding a +0 dagger.
The orc moves out of view.
An orc priest comes into view. It is wielding a +0 short sword.
You see here a maw talisman.
i - a maw talisman The orc priest invokes the aid of Beogh against you.
Pain shoots through your body!
* * * LOW HITPOINT WARNING * * *
It was a potion of haste.
You feel yourself speed up.
The orc priest mumbles some strange prayers to Beogh against you.
Pain shoots through your body!
You die...

......## ......#
.....# ....# ..##
...##
.....####...#
.......+....o.##
..#....####....#
.....##...@....>##
.................#
................#
#...............#
####.............#
.................#
...........#.#####
....##.####.# ...
#.# .#


You could see an orc priest.

Vanquished Creatures
  3 hounds
  2 adders
  A dart slug (D:1)
  A ribbon worm (D:2)
  3 orcs
  4 ball pythons
  4 endoplasms
  2 giant cockroaches (D:1)
  A hobgoblin (D:3)
  3 jackals (D:4)
  A kobold (D:2)
  A quokka (D:2)
  3 frilled lizards
  2 goblins
  4 rats
35 creatures vanquished.

Notes
Turn   | Place    | Note
-------+----------+-------------------------------------------
     0 | D:1      | Flugslaktarn the Octopode Alchemist began the quest for the
                  | Orb.
     0 | D:1      | Reached XP level 1. HP: 11/11 MP: 3/3
   101 | D:1      | Reached XP level 2. HP: 17/17 MP: 0/5
   148 | D:2      | Found Ovesouh's Antique Armour Shoppe.
   286 | D:2      | Reached skill level 4 in Alchemy
   334 | D:2      | Reached XP level 3. HP: 5/21 MP: 0/6
   469 | D:4      | Reached XP level 4. HP: 11/27 MP: 0/8
   503 | D:4      | Found a runed translucent gate.
   504 | D:4      | Found a runed translucent gate.
   516 | D:4      | Identified the staff "Gashoh" {rF+ Int+2 Fire}
   600 | D:4      | Found a runed translucent gate.
   602 | D:4      | Noticed PanSaczeczos's ghost (novice MiSh)
   678 | D:4      | Reached skill level 5 in Alchemy
   744 | D:4      | Reached XP level 5. HP: 11/31 MP: 0/9
   752 | D:4      | Found a sacrificial altar of Ru.
   784 | D:5      | Entered Level 5 of the Dungeon
   831 | D:5      | Killed from afar by an orc priest

Illustrated notes

Levels and vault maps discovered:
D:1:      mrwooster_arrival_statue_3, layout_loops_ring, serial_shops,
          nicolae_shop_window_shopping
D:2:      layout_basic, shapermc_ecumenical_altar_venn, serial_shops, shop,
          amcnicky_mini_corridor_feature
D:3:      layout_rooms, gammafunk_ghost_arena, uniq_ijyb
D:4:      layout_layer_cave, nicolae_ru_awakened_eye, zin_treasury,
          minmay_temple_entry_crystal_x, ebering_ghost_rock_garden,
          minmay_manual_mares
D:5:      nicolae_cairo_tiling_very_big, layout_basic, lemuel_crystal_altar,
          dancing_weapons_uskayaw

Skill      XL: |  1  2  3  4 |
---------------+-------------+-----
Alchemy        | 4 5 |  5.5
Spellcasting   | 3 |  3.2
Dodging        | |  2.0
Stealth        | |  2.6
Conjurations   | |  1.0

Action                     |  1- 3 |  4- 6 || total
---------------------------+-------+-------++-------
  Melee: Unarmed           |    33 |       ||    33
         Constrict         |    10 |     2 ||    12
         Tentacles         |     8 |     3 ||    11
         Staff             |       |    13 ||    13
   Cast: Sting             |    35 |    23 ||    58
    Use: Potion            |       |     1 ||     1
 Armour: Skin              |    21 |    16 ||    37
  Dodge: Dodged            |    39 |    21 ||    60

Table legend: (Time is in decaauts)
 A = Elapsed time spent in this place.
 B = Non-inter-level travel time spent in this place.
 C = Inter-level travel time spent in this place.
 D = Time resting spent in this place.
 E = Time spent auto-exploring this place.
 F = Levels seen in this place.
 G = Mean time per level.
                   A        B        C        D        E       F      G
               +--------+--------+--------+--------+--------+-----+--------+
         Total |    834 |    777 |     57 |     58 |    429 |   5 |  166.8 |
       Dungeon |    834 |    777 |     57 |     58 |    429 |   5 |  166.8 |
               +--------+--------+--------+--------+--------+-----+--------+

Top non-repeatable levels by time:
     D:4: 341 daAuts
     D:2: 239 daAuts
     D:1: 148 daAuts
     D:3: 57 daAuts
     D:5: 46 daAuts
